Map: Blackpink LE

Players

Scarlett - Winner!

  • Race: Zerg Zerg
  • League: Diamond
  • Spawn Location: 1:00

DnS

  • Race: Protoss Protoss
  • League: Grandmaster
  • Spawn Location: 7:00

Event: HomeStory Cup XVI

VOD

Have the link to the VOD?

Description

Time

  • Played on: Nov. 10, 2017, 12:36 p.m.
  • Length: 7:33

All games in this series

Show
View Real Time Build Order
Export as new Build Order

Scarlett Zerg - Winner!

Build Orders: Hatch First 

Get SALT Encoding   

  12  0:00  Drone  
  13  0:12  Overlord  
  13  0:17  Drone  
  14  0:30  Drone  
  14  0:31  Drone  
  14  0:34  Drone  
  17  0:50  Hatchery  
  17  0:53  Drone  
  17  0:56  Drone  
  18  0:59  Extractor  
  17  1:12  Spawning Pool  
  17  1:15  Drone  
  17  1:18  Drone  
  18  1:28  Drone  
  19  1:38  Drone  
  20  1:49  Overlord  
  20  1:58  Queen  
  22  2:01  Metabolic Boost  
  22  2:02  Queen  
  22  2:05  Zergling x2  
  25  2:10  Zergling x2  
  25  2:14  Zergling x4  
  29  2:22  Zergling x2  
  29  2:28  Zergling x2  
  30  2:35  Evolution Chamber  
  30  2:44  Zergling x6  
  32  2:54  Overlord  
  32  2:55  Zergling x2  
  33  3:07  Zergling x6  
  36  3:18  Zergling x14  
  40  3:31  Zergling x4  
  40  3:39  Zergling x2  
  40  3:47  Drone  
  38  3:50  Drone  
  38  3:51  Drone x3  
  41  3:58  Zerg Melee Weapons Level 1  
  40  4:04  Drone x2  
  41  4:14  Overlord, Drone  
  42  4:18  Hatchery  
  41  4:26  Overlord  
  41  4:27  Drone x2  
  41  4:29  Drone  
  44  4:39  Drone x3  
  47  4:46  Drone x4  
  50  4:54  Overlord  
  50  4:55  Drone  
  50  4:58  Queen  
  53  5:02  Extractor  
  52  5:07  Drone  
  52  5:08  Drone x3  
  55  5:20  Drone x2  
  55  5:21  Drone x3  
  59  5:24  Baneling Nest  
  57  5:30  Spore Crawler  
  57  5:31  Spore Crawler  
  57  5:32  Queen  
  57  5:38  Drone  
  57  5:39  Drone x4  
  57  5:42  Spore Crawler, Drone  
  63  5:43  Drone  
  63  5:44  Drone  
  63  5:49  Zergling x2  
  65  5:50  Zergling x4  
  67  6:01  Overlord  
  67  6:02  Drone  
  67  6:03  Drone x3  
  71  6:07  Roach Warren  
  70  6:12  Overlord x3  
  70  6:23  Lair  
  70  6:26  Drone x5  
  70  6:28  Extractor  
  74  6:35  Overlord  
  74  6:37  Overlord  
  74  6:39  Extractor  
  72  6:40  Extractor  
  70  6:47  Roach x2  
  70  6:48  Roach x6  
  70  6:52  Roach x2  
  90  7:04  Zergling x14  
  90  7:08  Ravager x3  
  100  7:13  Zergling x2  
  100  7:14  Zergling x6  
  104  7:16  Zergling x2  
Show
View Real Time Build Order
Export as new Build Order

DnS Protoss 

Build Orders: 1 Gate Expand, Oracle Opening 

Get SALT Encoding   

  12  0:02  Probe (Chrono Boost)  
  14  0:14  Probe (Chrono Boost)  
  14  0:19  Pylon  
  14  0:26  Probe (Chrono Boost)  
  15  0:34  Probe (Chrono Boost)  
  15  0:38  Gateway  
  15  0:41  Probe (Chrono Boost)  
  16  0:48  Assimilator  
  17  0:53  Probe (Chrono Boost)  
  18  0:59  Probe (Chrono Boost)  
  19  1:08  Probe (Chrono Boost)  
  20  1:23  Nexus  
  20  1:33  Cybernetics Core  
  20  1:38  Probe (Chrono Boost)  
  21  1:44  Assimilator  
  21  1:50  Probe (Chrono Boost)  
  21  1:51  Pylon  
  22  1:59  Adept  
  23  2:02  Probe (Chrono Boost)  
  23  2:14  Probe (Chrono Boost)  
  26  2:21  Stargate  
  26  2:26  Adept, Probe (Chrono Boost)  
  29  2:31  Probe (Chrono Boost)  
  29  2:33  Warp Gate  
  31  2:38  Probe (Chrono Boost)  
  31  2:39  Probe (Chrono Boost)  
  32  2:50  Probe (Chrono Boost)  
  32  2:51  Probe (Chrono Boost)  
  34  2:56  Adept  
  36  3:03  Oracle, Probe x2 (Chrono Boost)  
  41  3:15  Probe (Chrono Boost)  
  42  3:20  Shield Battery  
  42  3:25  Pylon  
  42  3:26  Pylon  
  36  3:31  Adept  
  36  3:33  Shield Battery  
  36  3:36  Pylon  
  36  3:41  Probe x2 (Chrono Boost)  
  36  3:48  Pylon  
  25  4:38  Adept  
  27  4:46  Gateway  
  27  4:47  Gateway  
  27  4:54  Assimilator  
  27  4:56  Probe (Chrono Boost)  
  27  4:59  Adept  
  31  5:08  Probe (Chrono Boost)  
  31  5:13  Probe (Chrono Boost)  
  32  5:19  Probe (Chrono Boost)  
  32  5:20  Probe (Chrono Boost)  
  33  5:22  Adept  
  36  5:30  Probe (Chrono Boost)  
  36  5:32  Assimilator, Probe (Chrono Boost)  
  38  5:42  Probe (Chrono Boost)  
  40  5:43  Probe (Chrono Boost)  
  40  5:45  Sentry x2  
  40  5:46  Sentry  
  40  5:49  Probe (Chrono Boost)  
  46  5:54  Probe (Chrono Boost)  
  46  5:56  Pylon  
  48  5:58  Probe (Chrono Boost)  
  49  6:04  Pylon  
  49  6:06  Probe (Chrono Boost)  
  49  6:10  Probe (Chrono Boost)  
  51  6:14  Pylon  
  51  6:18  Probe (Chrono Boost)  
  52  6:19  Probe (Chrono Boost)  
  52  6:23  Zealot, Sentry x2  
  52  6:25  Probe (Chrono Boost)  
  59  6:30  Probe (Chrono Boost)  
  59  6:32  Pylon  
  61  6:37  Probe (Chrono Boost)  
  62  6:41  Pylon  
  62  6:42  Probe (Chrono Boost)  
  63  6:49  Probe (Chrono Boost)  
  63  6:54  Probe (Chrono Boost), Robotics Facility  
  65  7:00  Probe (Chrono Boost)  
  65  7:01  Probe (Chrono Boost)  
  66  7:07  Adept x2  
  71  7:08  Adept, Probe (Chrono Boost)  
  71  7:13  Probe (Chrono Boost), Pylon  
  75  7:21  Probe (Chrono Boost)  
Tags
 
Add a new tag
Caveats
  • Supply blocks, unpowered buildings, or Contaminate may cause inaccurate times.
  • Supply counts are checked every 10 seconds.